 Dungeon Crawl Stone Soup version 0.21-a0-150-gc243083 (webtiles) character file.

37116 Starchild the Basher (level 14, -9/95 HPs)
             Began as a Formicid Fighter on July 25, 2017.
             Was a High Priest of Hepliaklqana.
             Shot with an arrow by a centaur warrior (16 damage)
             ... on level 14 of the Dungeon on July 26, 2017.
             The game lasted 01:55:50 (19498 turns).

Starchild the Basher (Formicid Fighter)            Turns: 19498, Time: 01:55:51

Health: -9/95      AC: 14    Str: 21    XL:     14   Next: 27%
Magic:  21/21      EV: 10    Int: 18    God:    Hepliaklqana [*****.]
Gold:   167        SH: 12    Dex: 10    Spells: 13/13 levels left

rFire    + . .     SeeInvis +   a - +8 mace "Eteifagi" {flame, Stlth+}
rCold    + + .     Gourm    .   c - +1 shield
rNeg     + . .     Faith    .   H - +2 ring mail of Broken Taboos {Int+5 Stlth+}
rPois    .         Spirit   .   (helmet unavailable)
rElec    .         Reflect  .   (no cloak)
rCorr    .         Harm     .   R - +0 pair of gloves
MR       ++++.                  G - +2 pair of boots
Stlth    +.........             k - amulet of regeneration
HPRegen  0.65/turn              i - ring of positive energy
MPRegen  0.17/turn              L - ring of Molulyto {rF+ rC++ MR+++ Stlth-}

@: no status effects
A: permanent stasis, dig shafts and tunnels, four strong arms, reduced essence,
antennae 3
a: Dig, Shaft Self, Recall Ancestor, Ancestor Identity, Transference, Idealise,
Renounce Religion


You were on level 14 of the Dungeon.
You worshipped Hepliaklqana.
Hepliaklqana was extremely pleased with you.
You were not hungry.

You visited 3 branches of the dungeon, and saw 16 of its levels.
You also visited: Sewer.

You collected 1523 gold pieces.
You spent 1356 gold pieces at shops.

Inventory:

Hand Weapons
 a - the +8 mace "Eteifagi" (weapon) {flame, Stlth+}
   (You found it on level 7 of the Dungeon)

   It has been specially enchanted to burn those struck by it, causing extra
   injury to most foes and up to half again as much damage against particularly
   susceptible opponents.
   It makes you more stealthy.
 b - a +0 fustibalus of velocity
 m - the +6 mace of Pingoucw {elec, Str+2}
   (You found it on level 5 of the Dungeon)

   Occasionally, upon striking a foe, it will discharge some electrical energy
   and cause terrible harm.
   It affects your strength (+2).
 S - the +9 rapier of Ethre {elec, +Fly}
   (You found it on level 14 of the Dungeon)

   Occasionally, upon striking a foe, it will discharge some electrical energy
   and cause terrible harm.
   It lets you fly.
Missiles
 l - 451 stones
 s - 29 tomahawks (quivered)
 t - 89 sling bullets
 w - 6 javelins
 N - a throwing net
Armour
 c - a +1 shield (worn)
 G - a +2 pair of boots (worn)
 H - the +2 ring mail of Broken Taboos (worn) {Int+5 Stlth+}
   (You bought it in a shop on level 5 of the Dungeon)

   It affects your intelligence (+5).
   It makes you more stealthy.
 R - a +0 pair of gloves (worn)
Jewellery
 i - a ring of positive energy (left hand)
 k - an amulet of regeneration (around neck)
 L - the ring of Molulyto (right hand) {rF+ rC++ MR+++ Stlth-}
   (You bought it in a shop on level 14 of the Dungeon)

   [ring of loudness]

   It protects you from fire.
   It greatly protects you from cold.
   It affects your resistance to hostile enchantments.
   It makes you less stealthy.
 Y - an uncursed ring of resist corrosion
Wands
 n - a wand of digging (8/24)
 B - a wand of enslavement (15/24)
 I - a wand of scattershot (1/9)
 K - a wand of acid (11/15)
 O - a wand of scattershot (7/9)
 Q - a wand of flame (25/48)
 X - a wand of paralysis (4/24)
Scrolls
 e - 7 scrolls of remove curse
 g - 2 scrolls of recharging
 j - 2 scrolls of fear
 o - 7 scrolls of enchant weapon
 q - 2 scrolls of amnesia
 y - 3 scrolls of fog
 z - 2 scrolls of magic mapping
 C - a scroll of random uselessness {unknown}
 J - 3 scrolls of vulnerability {unknown}
 M - 2 scrolls of enchant armour
Potions
 d - 2 potions of might
 h - 2 potions of ambrosia
 x - 6 potions of flight
 E - 5 potions of curing
 F - a potion of resistance
 T - 2 potions of lignification
Books
 P - a book of Geomancy

   Spells                             Type                      Level
   a - Sandblast                      Earth                        1
   b - Passwall                       Transmutation/Earth          2
   c - Stone Arrow                    Conjuration/Earth            3
   d - Petrify                        Transmutation/Earth          4
   e - Lee's Rapid Deconstruction     Earth                        5
 V - a book of Flames

   Spells                             Type                      Level
   a - Flame Tongue                   Conjuration/Fire             1
   b - Throw Flame                    Conjuration/Fire             2
   c - Conjure Flame                  Conjuration/Fire             3
   d - Inner Flame                    Hexes/Fire                   3
   e - Sticky Flame                   Conjuration/Fire             4
   f - Fireball                       Conjuration/Fire             5
 W - a book of Dreams

   Spells                             Type                      Level
   a - Ensorcelled Hibernation        Hexes/Ice                    2
   b - Silence                        Hexes/Air                    5
   c - Darkness                       Hexes                        6
   d - Shadow Creatures               Summoning                    6
Miscellaneous
 D - a sack of spiders
 U - a crystal ball of energy
Comestibles
 f - 8 bread rations
 p - 9 meat rations
 r - 8 chunks of flesh
 u - 3 royal jellies
 A - 10 fruits


   Skills:
 - Level 8.3 Fighting
 - Level 13.9(14.0) Maces & Flails
   Level 2.0(9.5) Staves
 + Level 11.6 Slings
 - Level 10.0 Armour
 - Level 9.3 Shields
 - Level 10.0 Invocations


You had 13 spell levels left.
You didn't know any spells.

Dungeon Overview and Level Annotations

Branches:
Dungeon (14/15)            Temple (0/1) D:5            Lair (1/6) D:9
    Orc (1/2) D:10         Vaults (0/5) D:13

Altars:
Cheibriados
Elyvilon
Fedhas
Hepliaklqana
Kikubaaqudgha
Okawaru
Wu Jian
Yredelemnul
The Shining One

Shops:
D:5 [   D:7 ([?   D:11 (   D:14 =


Innate Abilities, Weirdness & Mutations

You cannot be hasted, slowed, berserked, paralysed or teleported.
You can dig through walls and to a lower floor.
Your four strong arms can wield two-handed weapons with a shield.
You have a pair of large antennae on your head. (SInv)
Your life essence is reduced to manifest your ancestor. (-10% HP)


Message History

r - Retreat! s - Stop attacking. g - Guard the area. f - Follow me.
Anything else - Cancel.
Gang up on whom?
Press: ? - help, Dir - move target cursor, f - centaur warrior
Aim: a centaur warrior Attack!
You see here 2 bolts.
The centaur warrior wields a shortbow.
The centaur warrior shoots an arrow.
The arrow hits you!
* * * LOW HITPOINT WARNING * * *
The centaur warrior hits Nakurtum but does no damage.
You extend your mandibles.
You dig through the rock wall.
You dig through the rock wall.
The centaur warrior shoots an arrow.
The arrow hits you!
* * * LOW HITPOINT WARNING * * *
Nakurtum hits the centaur warrior but does no damage.
The centaur warrior shoots an arrow.
The arrow hits you!
You die...

#.........## #.###
#####...#..# #.# #
####..(#..##### #.# #
#....#.##......##.# #
###.####.#######....#
# #...# ..## ##...# #
#.### ###)[# ##..# #
#.# ##.(..# #..###
#########.# #@##..###
#...## #.........#
##...R..# ##.#...
#.#######.###
#...c..####..###. #.#
##...###......##...##
## ###.#
#.....##.###..##.###
# ....# #.###.##.#
#...#R# ###.######.#
#.##.# ##....#
.....).....# #.##.#
#....# ##
##.###.###.#
#.##.####..#.# #.


You could see the friendly Nakurtum the knight and a centaur warrior.

Vanquished Creatures
  A stone giant (Orc:1)
  Josephine (D:11)
  3 two-headed ogres
  2 unseen horrors
  A deep troll (shapeshifter) (D:14)
  A deep troll (D:13)
  An orc knight (Orc:1)
  2 ugly things (D:11)
  A mana viper (shapeshifter) (D:13)
  A cyclops (D:13)
  A cyclops (shapeshifter) (D:13)
  A spiny frog (Lair:1)
  A freezing wraith (D:13)
  A kobold demonologist (D:14)
  2 trolls
  A hornet (D:9)
  A harpy skeleton (D:13)
  3 blink frogs (Lair:1)
  A hippogriff (Lair:1)
  Sigmund (D:2)
  A spriggan (D:8)
  2 shadows
  A wyvern (D:11)
  A tarantella (shapeshifter) (D:13)
  7 wraiths
  A basilisk (D:14)
  3 hungry ghosts
  9 yaks
  2 vampire mosquitoes (D:12)
  2 wargs (Orc:1)
  2 water moccasins
  2 acid dragons
  10 orc warriors
  A porcupine (D:9)
  2 ice beasts
  2 sky beasts
  7 ogres
  3 phantoms
  13 centaurs
  2 crocodiles
  A big kobold (D:13)
  6 bullfrogs
  2 scorpions
  13 wights
  A howler monkey (D:4)
  3 crimson imps
  A quasit (D:10)
  8 jellies
  2 centaur zombies
  3 bullfrog skeletons
  5 centaur skeletons
  9 orc priests
  4 hounds
  3 iguanas
  10 worker ants
  11 orc wizards
  A hound skeleton (D:8)
  A worker ant zombie (D:9)
  5 gnolls
  11 adders
  A river rat (D:3)
  3 shadow imps
  7 oozes
  2 adder skeletons
  5 worms
  3 dart slugs
  5 leopard geckos
  33 orcs
  4 ball pythons
  9 bats
  10 giant cockroaches
  17 goblins
  12 hobgoblins
  8 jackals
  12 kobolds
  5 quokkas
  5 frilled lizards (D:2)
  2 leopard gecko skeletons
  A quokka skeleton (D:8)
  A quokka zombie (D:5)
  7 rats
352 creatures vanquished.

Vanquished Creatures (collateral kills)
  An ettin (D:13)
  Snorg (D:11)
  2 two-headed ogres
  Erolcha (D:11)
  A tengu warrior (D:14)
  An unseen horror (D:6)
  An orc knight (Orc:1)
  A cyclops (D:13)
  2 centaur zombies
  A komodo dragon (Lair:1)
  A troll (D:12)
  2 tengu conjurers (D:14)
  3 blink frogs (Lair:1)
  2 hippogriffs (D:11)
  A vampire (D:14)
  A shadow (D:11)
  A wraith (D:11)
  A yak (D:6)
  A wyvern (D:10)
  A basilisk (D:12)
  2 vampire mosquitoes (D:12)
  An ice beast (D:10)
  8 orc warriors
  A sky beast (D:12)
  A phantom (D:6)
  A black bear (D:9)
  A necrophage (D:7)
  7 ogres
  2 crocodiles
  10 centaurs
  2 big kobolds (D:8)
  7 bullfrogs
  A wyvern skeleton (D:9)
  3 scorpions
  A howler monkey (D:10)
  7 wights
  3 crimson imps
  A bullfrog zombie (D:6)
  6 orc wizards
  2 centaur skeletons (D:10)
  6 orc priests
  2 hounds
  A bullfrog skeleton (D:9)
  2 iguanas
  3 worker ants
  A hound zombie (D:8)
  5 gnolls
  6 adders
  2 oozes (Sewer)
  An adder zombie (D:8)
  2 worms
  A leopard gecko (Sewer)
  20 orcs
  3 giant cockroaches
  A goblin (D:3)
  A hobgoblin (D:3)
  3 jackals
  A ball python (Sewer)
  5 bats (Sewer)
  8 kobolds
  A quokka skeleton (D:5)
168 creatures vanquished.

Vanquished Creatures (others)
  3 knights
  An ancestor (D:5)
  An orc (D:8)
  6 fungi (D:9)
  2 plants (Lair:1)
13 creatures vanquished.

Grand Total: 533 creatures vanquished

Notes
Turn   | Place    | Note
-------+----------+-------------------------------------------
     0 | D:1      | Starchild the Formicid Fighter began the quest for the Orb.
     0 | D:1      | Reached XP level 1. HP: 18/18 MP: 1/1
    45 | D:1      | Reached XP level 2. HP: 22/24 MP: 2/2
   245 | D:1      | Reached XP level 3. HP: 26/29 MP: 3/3
   415 | D:1      | Reached skill level 5 in Shields
   960 | D:2      | Reached XP level 4. HP: 33/35 MP: 4/4
  1054 | D:2      | Found a hazy altar of Hepliaklqana.
  1274 | D:2      | Noticed Sigmund
  1288 | D:2      | Killed Sigmund
  1288 | D:2      | Reached XP level 5. HP: 41/41 MP: 5/5
  1288 | D:2      | Reached XP level 6. HP: 47/47 MP: 6/6
  1833 | D:2      | Became a worshipper of Hepliaklqana the Forgotten
  2044 | D:3      | Found a snail-covered altar of Cheibriados.
  2096 | D:3      | Found a glowing drain.
  2111 | Sewer    | Entered a sewer
  2297 | Sewer    | Reached XP level 7. HP: 46/46 MP: 7/7
  2885 | D:3      | Found a faded altar of an unknown god.
  3076 | D:4      | Reached * piety under Hepliaklqana
  3201 | D:4      | Found an iron altar of Okawaru.
  3266 | D:4      | Reached XP level 8. HP: 39/52 MP: 8/8
  3580 | D:4      | Reached skill level 5 in Slings
  3716 | D:5      | Entered Level 5 of the Dungeon
  3716 | D:5      | Found an ancient bone altar of Kikubaaqudgha.
  4066 | D:5      | Found a staircase to the Ecumenical Temple.
  4257 | D:5      | Found Toosuser's Antique Armour Boutique.
  4262 | D:5      | Bought a fine ring mail for 216 gold pieces
  4262 | D:5      | Identified the +2 ring mail of Broken Taboos {Int+5 Stlth+} (You bought it in a shop on level 5 of the Dungeon)
  4337 | D:5      | Got a crystal mace
  4419 | D:6      | You fall through a shaft for 3 floors!
  4419 | D:9      | Found an ornate altar of the Wu Jian Council.
  4503 | D:9      | Noticed a yak
  4515 | D:9      | Reached XP level 9. HP: 51/57 MP: 9/9
  4673 | D:9      | Found a blossoming altar of Fedhas.
  4703 | D:9      | Reached ** piety under Hepliaklqana
  4704 | D:9      | Remembered your ancestor Nakurtum as a knight
  5284 | D:8      | Reached skill level 10 in Slings
  5862 | D:6      | Reached skill level 5 in Armour
  6243 | D:6      | Noticed an unseen horror
  6265 | D:6      | Killed an unseen horror
  6265 | D:6      | Reached XP level 10. HP: 39/63 MP: 10/10
  7049 | D:6      | Found a white marble altar of Elyvilon.
  7053 | D:6      | Reached *** piety under Hepliaklqana
  7526 | D:7      | Got an ichor-stained mace
  7843 | D:7      | Found Maufedgh's Weapon Shop.
  7870 | D:7      | Reached skill level 10 in Armour
  7901 | D:7      | Found Litiluh's Antique Armour Shoppe.
  7941 | D:7      | Found Kexaig's Magic Scroll Emporium.
  7947 | D:7      | Bought a scroll of identify for 28 gold pieces
  7947 | D:7      | Bought a scroll of identify for 28 gold pieces
  7947 | D:7      | Bought a scroll of identify for 28 gold pieces
  7947 | D:7      | Identified the +6 mace of Pingoucw {elec, Str+2} (You found it on level 5 of the Dungeon)
  7948 | D:7      | Identified the +8 mace "Eteifagi" {flame, Stlth+} (You found it on level 7 of the Dungeon)
  7990 | D:7      | Reached skill level 1 in Invocations
  8799 | D:8      | Found a basalt altar of Yredelemnul.
  8799 | D:8      | Found a glowing golden altar of the Shining One.
  8815 | D:8      | Noticed a profane servitor
  8832 | D:8      | Noticed an angel
  8970 | D:8      | Noticed a two-headed ogre
  8982 | D:8      | Killed a two-headed ogre
  9216 | D:8      | Reached XP level 11. HP: 62/67 MP: 16/16
  9823 | D:9      | Reached skill level 1 in Maces & Flails
  9952 | D:9      | Reached skill level 2 in Maces & Flails
 10103 | D:9      | Reached skill level 3 in Maces & Flails
 10161 | D:9      | Reached **** piety under Hepliaklqana
 10223 | D:9      | Found a staircase to the Lair.
 10232 | D:9      | Reached skill level 4 in Maces & Flails
 10464 | Lair:1   | Entered Level 1 of the Lair of Beasts
 10765 | Lair:1   | Reached skill level 10 in Invocations
 11400 | Lair:1   | Reached skill level 5 in Fighting
 11719 | D:10     | Entered Level 10 of the Dungeon
 11935 | D:10     | Noticed a two-headed ogre
 11947 | D:10     | Killed a two-headed ogre
 11947 | D:10     | Reached XP level 12. HP: 67/80 MP: 19/19
 12072 | D:10     | Found a staircase to the Orcish Mines.
 12113 | D:10     | Noticed an unseen horror
 12126 | D:10     | Killed an unseen horror
 12324 | D:10     | Reached skill level 5 in Maces & Flails
 12610 | D:10     | Noticed a two-headed ogre
 12619 | D:10     | Killed a two-headed ogre
 12619 | D:10     | Reached skill level 6 in Maces & Flails
 13073 | Orc:1    | Entered Level 1 of the Orcish Mines
 13196 | Orc:1    | Reached skill level 7 in Maces & Flails
 13550 | Orc:1    | HP: 1/84 [orc warrior/glaive[an orc knight] (20)]
 13553 | Orc:1    | Reached skill level 8 in Maces & Flails
 14094 | Orc:1    | Noticed a stone giant
 14111 | Orc:1    | HP: 3/84 [stone giant (26)]
 14113 | Orc:1    | Killed a stone giant
 14379 | Orc:1    | Reached ***** piety under Hepliaklqana
 14410 | Orc:1    | Reached skill level 9 in Maces & Flails
 14903 | D:11     | Noticed Josephine
 15018 | D:11     | Reached skill level 10 in Maces & Flails
 15018 | D:11     | Reached XP level 13. HP: 89/89 MP: 20/20
 15274 | D:11     | Killed Josephine
 15449 | D:11     | Found Ahalytsot's Antique Weapon Shoppe.
 15457 | D:11     | Bought a glowing fustibalus for 504 gold pieces
 15599 | D:11     | Reached skill level 11 in Maces & Flails
 15613 | D:11     | Noticed Erolcha
 15625 | D:11     | Killed Erolcha
 15824 | D:11     | Noticed Snorg
 15836 | D:11     | Killed Snorg
 16224 | D:11     | Reached skill level 12 in Maces & Flails
 17802 | D:12     | Reached skill level 13 in Maces & Flails
 17868 | D:13     | Upgraded the game from 0.21-a0-143-g1ab7d47 to 0.21-a0-150-gc243083
 18424 | D:13     | Noticed an ettin
 18512 | D:14     | Found Qoweten's Jewellery Boutique.
 18531 | D:14     | Bought the ring of Molulyto {rF+ rC++ MR+++ Stlth-} for 552 gold pieces
 18545 | D:14     | Found a snail-covered altar of Cheibriados.
 18685 | D:13     | Killed an ettin
 18685 | D:13     | Reached XP level 14. HP: 23/95 MP: 21/21
 18897 | D:13     | Found a gate to the Vaults.
 19413 | D:14     | Got a steaming rapier
 19414 | D:14     | Identified the +9 rapier of Ethre {elec, +Fly} (You found it on level 14 of the Dungeon)
 19498 | D:14     | Shot with an arrow by a centaur warrior

Vault maps used:
D:1:      co_arrival_random_square_maze, grunt_decor_fettered
D:2:      old_standard_altar, serial_bayou_lake_a, uniq_sigmund
D:3:      old_standard_altar, chequers_ecumenical_altar_grove,
          portal_sewer_entry_b
D:4:      first_bread, kennysheep_okawaru_gauntlet
D:5:      temple_hall, serial_shops, kennysheep_little_box, basic_altar
D:6:      kennysheep_windowed_halls, elyvilon_altar_4
D:7:      serial_shops, shop, shop, nicolae_shop_stone, st_stairs_14
D:8:      grunt_temple_overflow_holy_war, the_bakery
D:9:      lemuel_crystal_altar, lemuel_doored_altar,
          grunt_lair_entry_orc_guard_hut
D:10:     orc_0_dummy
D:11:     serial_shops, shop_fountains, st_stairs_11, uniq_snorg, uniq_erolcha,
          uniq_josephine
D:13:     david_vaults_4, hangedman_abyss_or_decor_lesser_grid,
          hangedman_glass_teeth, hangedman_decor_opposing
D:14:     serial_shops, nicolae_shop_waterfront, basic_altar,
          minmay_misc_feat_nine_boxes, uniq_louise
Lair:1:   grunt_forest_stairs_basic, serial_bayou_pond_b
Orc:1:    nicolae_orc_accident_1
Sewer:    sewer_fruit_machine

Skill      XL: |  1  2  3  4  5  6  7  8  9 10 11 12 13 14 |
---------------+-------------------------------------------+-----
Shields        | 4 5 8 9 |  9.3
Slings         | 4 8 10 11 | 11.6
Armour         | 8 10 | 10.0
Invocations    | 6 10 | 10.0
Maces & Flails | 4 10 13 | 13.9
Fighting       | 6 8 |  8.3
Staves         | |  2.0

Action                   |  1- 3 |  4- 6 |  7- 9 | 10-12 | 13-15 || total
-------------------------+-------+-------+-------+-------+-------++-------
Melee: Quarterstaff      |   117 |   166 |   228 |    49 |       ||   560
       Mace              |       |       |       |   384 |   318 ||   702
       Flail             |       |       |       |    37 |       ||    37
 Fire: Hunting sling     |     1 |    19 |    85 |   195 |    17 ||   317
       Fustibalus        |       |       |       |       |   113 ||   113
Throw: Tomahawk          |       |       |     1 |    21 |     1 ||    23
Invok: Recall Ancestor   |       |       |     2 |     2 |       ||     4
       Ancestor Life: Kn |       |       |     1 |       |       ||     1
       Transference      |       |       |       |     2 |     2 ||     4
       Idealise          |       |       |       |     1 |       ||     1
 Abil: Dig               |     1 |     3 |    15 |    19 |    21 ||    59
Evoke: Wand              |       |       |     3 |       |       ||     3
  Use: Scroll            |       |       |     8 |    12 |     5 ||    25
       Potion            |       |       |     1 |    14 |     1 ||    16
 Stab: Distracted        |       |     1 |     2 |     5 |     5 ||    13
       Sleeping          |       |       |     5 |    15 |     6 ||    26
  Eat: Chunk             |       |     6 |    14 |    20 |    12 ||    52
       Bread ration      |       |       |       |     2 |       ||     2
       Royal jelly       |       |       |       |     1 |     1 ||     2
       Fruit             |       |       |       |       |     2 ||     2
Armor: Scale mail        |    43 |    76 |    26 |       |       ||   145
       Ring mail         |       |       |    29 |   116 |    98 ||   243
Dodge: Dodged            |    42 |    60 |    79 |   139 |    86 ||   406
Block: Shield            |    63 |   119 |   151 |   290 |   167 ||   790
